 Dungeon Crawl Stone Soup version 0.22-a0-603-gfc1114d (webtiles) character file.

753 sking99 the Ruffian (level 7, 0/88 HPs)
             Began as a White Draconian Transmuter on July 7, 2018.
             Was a Follower of Makhleb.
             Slain by a jelly (1 damage)
             ... on level 5 of the Dungeon.
             The game lasted 00:08:42 (4523 turns).

sking99 the Ruffian (White Draconian Transmuter)    Turns: 4523, Time: 00:08:43

Health: 0/88       AC: 11    Str: 13    XL:     7   Next: 49%
Magic:  10/10      EV:  2    Int: 14    God:    Makhleb [*.....]
Gold:   183        SH:  0    Dex: 12    Spells: 2/10 levels left

rFire    . . .     SeeInvis +     - Unarmed
rCold    . . .     Gourm    .   (no shield)
rNeg     + + +     Faith    .   (armour unavailable)
rPois    +         Spirit   .   (helmet currently unavailable)
rElec    .         Reflect  .   (cloak currently unavailable)
rCorr    .         Harm     .   (gloves currently unavailable)
MR       .....     NoTele   +   (boots currently unavailable)
Stlth    +.........             (no amulet)
HPRegen  0.24/turn              k - ring of see invisible
MPRegen  0.12/turn              (no ring)

@: tree-form, corroded
A: (breathe frost), unfitting armour, AC +6
a: Renounce Religion


You were on level 5 of the Dungeon.
You worshipped Makhleb.
Makhleb was aware of your devotion.
You were not hungry.
You were a tree.
You visited 1 branch of the dungeon, and saw 5 of its levels.

You collected 183 gold pieces.

Inventory:

Missiles
 a - 25 arrows
Jewellery
 k - a ring of see invisible (left branch)
Scrolls
 b - a scroll of magic mapping
 d - a scroll of amnesia
 g - 2 scrolls of fear
 h - 2 scrolls of teleportation
 i - a scroll of remove curse
 j - 2 scrolls of blinking
Potions
 e - 2 potions of degeneration {unknown}
 f - a potion of lignification
 l - a potion of curing
 o - a potion of might {unknown}
 p - a potion of resistance
Comestibles
 c - 6 rations
 m - 3 chunks of flesh


   Skills:
 + Level 4.0 Fighting
 + Level 1.7 Dodging
 * Level 6.1 Unarmed Combat
 - Level 2.0 Spellcasting
 - Level 5.0 Transmutations
 + Level 2.2 Invocations


You had 2 spell levels left.
You knew the following spells:

 Your Spells              Type           Power        Failure   Level  Hunger
a - Beastly Appendage     Tmut           ###...       3%          1    ##.....
b - Sticks to Snakes      Tmut           ###.....     4%          2    ###....
c - Blade Hands           Tmut           ###.......   63%         5    ######.

Your spell library contained the following spells:

 Spells                   Type           Power        Failure   Level  Hunger
 Spider Form              Tmut/Pois      #.........   26%         3    ####...
 Ice Form                 Ice/Tmut       #.......     63%         4    #####..


Dungeon Overview and Level Annotations

Branches:
Dungeon (5/15)             Temple (0/1) D:4

Altars:
Elyvilon
Makhleb
Xom
Zin


Innate Abilities, Weirdness & Mutations

((You can breathe waves of freezing cold.))
((You can buffet flying creatures when you breathe cold.))
((Your icy white scales are hard. (AC +6)))
You cannot fit into any form of body armour.
((Your flesh is cold resistant. (rC+)))
((You are cold-blooded and may be slowed by cold attacks.))


Message History

The jelly is almost dead.
The jelly hits you.
You are splashed with acid!
The acid burns!
* * * LOW HITPOINT WARNING * * *
You hit the jelly but do no damage.
Your hands burn!
* * * LOW HITPOINT WARNING * * *
You tail-slap the jelly, but do no damage.
The jelly is almost dead.
The jelly hits you.
* * * LOW HITPOINT WARNING * * *
You are splashed with acid!
The acid burns!
* * * LOW HITPOINT WARNING * * *
You hit the jelly but do no damage. The acid corrodes you!
Your hands burn!
* * * LOW HITPOINT WARNING * * *
The jelly is almost dead.
You feel better. The jelly hits you.
* * * LOW HITPOINT WARNING * * *
You are splashed with acid!
The acid burns!
* * * LOW HITPOINT WARNING * * *
You turn into a tree.
Your roots penetrate the ground.
The jelly hits you.
You die...

... #.. #######.. .#
.. ........####.###.#
.................. .
#!................
[.%#.)...##....#.....
.......J###....#.....
.......♣............
......###)..........
...... ###)....#.#
....# #....##.# ....
####....##.# .<.
#....##..#.# ..
#......#.....#
#......#.....######
#.......#.....##....


You could see a jelly.

Vanquished Creatures
  Grinder (D:3)
  A sky beast (D:5)
  A phantom (D:4)
  A jelly (D:5)
  2 orc priests (D:4)
  A hound (D:5)
  Jessica (D:3)
  An iguana (D:4)
  2 orc wizards (D:4)
  A worker ant (D:4)
  3 gnolls (D:5)
  2 adders
  3 worms
  2 dart slugs
  6 leopard geckos
  10 orcs
  A ball python (D:4)
  5 giant cockroaches
  6 hobgoblins
  13 jackals
  2 kobolds (D:2)
  3 quokkas (D:3)
  7 bats
  5 frilled lizards
  6 goblins
  7 rats
93 creatures vanquished.

Notes
Turn   | Place    | Note
-------+----------+-------------------------------------------
     0 | D:1      | sking99 the Draconian Transmuter began the quest for the Orb.
     0 | D:1      | Reached XP level 1. HP: 16/16 MP: 3/3
   232 | D:1      | Reached XP level 2. HP: 16/23 MP: 5/5
  1002 | D:2      | Reached XP level 3. HP: 29/29 MP: 6/6
  1044 | D:2      | Learned a level 2 spell: Sticks to Snakes
  1115 | D:2      | Reached skill level 4 in Unarmed Combat
  1509 | D:2      | Found a shimmering altar of Xom.
  1604 | D:3      | Noticed Jessica
  1613 | D:3      | Killed Jessica
  1613 | D:3      | Reached XP level 4. HP: 37/37 MP: 7/7
  1862 | D:3      | Found a glowing silver altar of Zin.
  1862 | D:3      | Found a burning altar of Makhleb.
  1863 | D:3      | Noticed a cacodemon
  1863 | D:3      | Noticed an angel
  1870 | D:3      | Became a worshipper of Makhleb the Destroyer
  2198 | D:3      | Noticed Grinder
  2214 | D:3      | Killed Grinder
  2214 | D:3      | Reached skill level 5 in Unarmed Combat
  2214 | D:3      | Reached XP level 5. HP: 45/45 MP: 0/8
  2214 | D:3      | Reached XP level 6. HP: 51/51 MP: 0/9
  2308 | D:3      | Found a white marble altar of Elyvilon.
  2680 | D:4      | Found a staircase to the Ecumenical Temple.
  2892 | D:4      | Reached skill level 1 in Invocations
  2915 | D:4      | HP: 1/51 [orc wizard/magic dart (4)]
  3305 | D:4      | Learned a level 5 spell: Blade Hands
  3409 | D:4      | Your scales start taking on an icy white colour.
  3409 | D:4      | Reached XP level 7. HP: 22/58 MP: 10/10
  3409 | D:4      | Gained mutation: Your flesh is cold resistant. (rC+) [White Draconian growth]
  4073 | D:5      | Entered Level 5 of the Dungeon
  4444 | D:5      | Reached * piety under Makhleb
  4469 | D:5      | Reached skill level 6 in Unarmed Combat
  4469 | D:5      | Reached skill level 5 in Transmutations
  4522 | D:5      | HP: 1/59 [acid (6)]
  4523 | D:5      | Slain by a jelly

Vault maps used:
D:1:      lightli_arrival_noodles
D:2:      tgw_xom, first_ration
D:3:      grunt_temple_overflow_order_and_chaos_2, lemuel_doored_altar,
          serial_bayou_pond_e, serial_bayou_lagoon_a, uniq_jessica, uniq_grinder
D:4:      temple_fountains
D:5:      cheibrodos_iron_armory, serial_shops, kennysheep_little_box,
          yredelemnul_altar_generic

Skill      XL: |  1  2  3  4  5  6  7 |
---------------+----------------------+-----
Fighting       | 2 3 4 |  4.0
Unarmed Combat | 4 5 6 |  6.1
Transmutations | 3 4 5 |  5.0
Invocations    | 1 2 |  2.2
Dodging        | |  1.7
Spellcasting   | |  2.0

Action                   |  1- 3 |  4- 6 |  7- 9 || total
-------------------------+-------+-------+-------++-------
Melee: Unarmed           |   159 |   180 |    80 ||   419
       Tailslap          |     9 |    19 |    14 ||    42
       Kick              |     5 |       |       ||     5
       Punch             |     2 |     2 |       ||     4
 Cast: Beastly Appendage |     2 |       |       ||     2
       Sticks to Snakes  |       |     5 |       ||     5
 Abil: Breathe Frost     |       |       |     2 ||     2
  Use: Scroll            |       |     9 |       ||     9
       Potion            |       |     2 |     2 ||     4
 Stab: Sleeping          |       |     1 |       ||     1
  Eat: Chunk             |     2 |     6 |     5 ||    13
Armor: Skin              |    48 |    41 |    14 ||   103
Dodge: Dodged            |   107 |    92 |    36 ||   235

Table legend:
 A = Spawn XP
 B = Non-spawn XP
 C = Spawn XP percentage of total XP
 D = Spawn monster count
 E = Non-spawn monster count
 F = Spawn count percentage of total count
 G = Total turns spent on level
                    A         B        C        D         E        F      G
               +---------+---------+-------+---------+---------+-------+---------
         Total |       0 |    1077 |   0.0 |       0 |      93 |   0.0 |  4523
               +---------+---------+-------+---------+---------+-------+---------
           D:1 |       0 |      27 |   0.0 |       0 |      16 |   0.0 |   752
           D:2 |       0 |      54 |   0.0 |       0 |      23 |   0.0 |   844
           D:3 |       0 |     326 |   0.0 |       0 |      26 |   0.0 |  1081
           D:4 |       0 |     390 |   0.0 |       0 |      20 |   0.0 |  1396
           D:5 |       0 |     280 |   0.0 |       0 |       8 |   0.0 |   450
               +---------+---------+-------+---------+---------+-------+---------
